 Dungeon Crawl Stone Soup version 0.28-a0-1510-gd0f6b136d3 (webtiles) character file.

Game seed: 4399580738585411499

2235 ragingrage the Impaler (level 9, -14/68 HPs)
             Began as a Merfolk Delver on Jan 15, 2022.
             Was a Priest of Okawaru.
             Demolished by a two-headed ogre (31 damage)
             ... on level 7 of the Dungeon.
             The game lasted 00:10:16 (6453 turns).

ragingrage the Impaler (Merfolk Delver)             Turns: 6453, Time: 00:10:17

Health: -14/68     AC: 11    Str: 19    XL:     9   Next: 36%
Magic:  17/18      EV:  9    Int:  9    God:    Okawaru [***...]
Gold:   385        SH:  0    Dex: 17    Spells: 8/8 levels left

rFire   . . .      SeeInvis .   i - +0 glaive
rCold   . . .      Faith    .   (shield currently unavailable)
rNeg    . . .      Spirit   .   u - +1 chain mail of the Orcish Mines {MP+9 Str+4}
rPois   .          Reflect  .   s - +0 helmet
rElec   .          Harm     .   (no cloak)
rCorr   .          Rampage  .   (no gloves)
Will    .....                   l - +0 pair of boots
Stlth   ..........              m - amulet of regeneration
HPRegen 1.01/turn               (no ring)
MPRegen 0.16/turn               (no ring)

@: no status effects
A: (nimble swimmer 2), mertail
a: Renounce Religion, Heroism


You were on level 7 of the Dungeon.
You worshipped Okawaru.
Okawaru was most pleased with you.
You visited 1 branch of the dungeon, and saw 7 of its levels.

You collected 385 gold pieces.

Inventory:

Hand Weapons
 a - a +0 spear
 i - a +0 glaive (weapon)
Missiles
 r - 4 poisoned darts (quivered)
Armour
 l - a +0 pair of boots (worn)
 s - a +0 helmet (worn)
 u - the +1 chain mail of the Orcish Mines (worn) {MP+9 Str+4}
   (You found it on level 5 of the Dungeon)

   Str:       It affects your strength (+4).
   MP:        It affects your magic capacity (+9).
Jewellery
 m - an amulet of regeneration (around neck)
 x - a ring of ice
 y - a +6 ring of strength
Wands
 g - a wand of digging (3)
Scrolls
 b - a scroll of summoning {unknown}
 c - a scroll of fog
 d - a scroll of magic mapping
 e - a scroll of fear
 j - 3 scrolls of teleportation {unknown}
 n - 5 scrolls of identify {unknown}
 o - 2 scrolls of immolation {unknown}
 q - a scroll of brand weapon {unknown}
 B - a scroll of silence {unknown}
Potions
 f - 2 potions of haste
 h - 7 potions of heal wounds {unknown}
 k - 3 potions of flight {unknown}
 p - 3 potions of lignification {unknown}
 t - a potion of cancellation {unknown}
 v - a potion of might {unknown}
 w - a potion of attraction {unknown}
 z - 2 potions of curing {unknown}
 A - a potion of magic {unknown}


   Skills:
 - Level 5.0 Fighting
 + Level 15.8 Polearms
 - Level 5.0 Dodging
 - Level 5.4 Stealth


You had 8 spell levels left.
You didn't know any spells.
Your spell library contained the following spells:

 Spells                   Type           Power      Damage    Failure   Level
 Apportation              Tloc           0%         N/A       99%         1
 Ensorcelled Hibernation  Hex/Ice        0%         N/A       100%        2
 Passwall                 Tmut/Erth      0%         N/A       100%        2
 Gell's Gravitas          Tloc           0%         N/A       100%        3
 Ignite Poison            Fire/Tmut/Pois 0%         N/A       100%        3
 Lesser Beckoning         Tloc           0%         N/A       100%        3
 Mephitic Cloud           Conj/Pois/Air  0%         N/A       100%        3
 Swiftness                Air            0%         N/A       100%        3
 Teleport Other           Tloc           0%         N/A       100%        3
 Alistair's Intoxication  Tmut/Pois      0%         N/A       100%        5
 Freezing Cloud           Conj/Ice/Air   0%         6-21      100%        5


Dungeon Overview and Level Annotations

Branches:
Dungeon (7/15)             Temple (0/1) D:4

Altars:
Kikubaaqudgha
Okawaru
Xom

Shops:
D:3 (   D:5 :   D:6 *   D:7 !


Innate Abilities, Weirdness & Mutations

((You are very nimble when in or above water. (Stealth+, EV+, Speed+++)))
Your lower body shifts to a powerful aquatic tail in water.


Message History

You are too injured to fight recklessly!
You are too injured to fight recklessly!
You are too injured to fight recklessly!
You are too injured to fight recklessly!
You are too injured to fight recklessly!
A two-headed ogre is nearby!
A two-headed ogre is nearby!
Items here: (( )) †.
Things that are here:
a +0 hand crossbow; 18 bolts
Items here: (( ))) ††.
You gain the combat prowess of a mighty hero.
The two-headed ogre closely misses you.
The two-headed ogre hits you with a +0 giant club!!
You barely miss the two-headed ogre.
The two-headed ogre is moderately wounded.
You barely miss the two-headed ogre.
The two-headed ogre is moderately wounded.
The two-headed ogre hits you but does no damage.
The two-headed ogre barely misses you.
Throw: 6 darts (poison)
Press: ? - help, Q - select action, (/) - cycle Shift-Dir - straight line, f - two-headed ogre
Aim: a two-headed ogre, wielding a +0 giant spiked club and a +0 giant club (moderately wounded, 79% to hit)
You throw a poisoned dart.
The poisoned dart barely misses the two-headed ogre.
The two-headed ogre hits you with a +0 giant spiked club!!
* * * LOW HITPOINT WARNING * * *
The two-headed ogre barely misses you.
Throw: 5 darts (poison)
Press: ? - help, Q - select action, (/) - cycle Shift-Dir - straight line, f/p - two-headed ogre
Aim: a two-headed ogre, wielding a +0 giant spiked club and a +0 giant club (moderately wounded, 79% to hit)
You throw a poisoned dart.
The poisoned dart hits the two-headed ogre.
The two-headed ogre is poisoned.
The two-headed ogre is moderately wounded.
As you read the scroll of fear, it crumbles to dust.
You assume a fearsome visage.
The two-headed ogre easily resists.
You feel like a meek peon again.
The two-headed ogre hits you with a +0 giant spiked club!!
You die...

###.#.##........##.........
#....#........##.........
##.#..#.......###)#(###..
#..#.##.......))........
##.#.##.....###....####.
#.#<............###
#.###........#.## #.
#..O....#..# #.
##.@....#.....
#..?..#.......###
#####.......#.###
##............
####.............
##....#........... #######
#.................
#.....###.....#......<....
#.....##....####..........


You could see a two-headed ogre (poisoned).

Vanquished Creatures
  Sigmund (D:3)
  Edmund (D:4)
  Duvessa (D:5)
  An ice beast (D:5)
  2 sky beasts
  3 black bears
  3 ogres
  A centaur (D:4)
  A kobold brigand (D:7)
  Dowan (D:5)
  A water moccasin skeleton (D:5)
  4 wights (D:6)
  A howler monkey (D:7)
  5 hounds
  2 jellies
  2 bullfrog skeletons
  3 orc wizards
  A hound skeleton (D:4)
  8 gnolls (D:4)
  3 adders
  A shadow imp (D:7)
  2 ufetubi
  2 worms
  A dart slug (D:3)
  5 orcs
  7 endoplasms
  3 giant cockroaches
  30 goblins
  23 hobgoblins
  14 kobolds
  4 quokkas
  9 ball pythons
  5 bats
  6 frilled lizards
  7 rats
164 creatures vanquished.

Notes
Turn   | Place    | Note
-------+----------+-------------------------------------------
     0 | D:5      | ragingrage the Merfolk Delver began the quest for the Orb.
     0 | D:5      | Reached XP level 1. HP: 18/18 MP: 1/1
     2 | D:5      | Found Qoagily's Book Shoppe.
     9 | D:6      | Noticed a jelly
    28 | D:4      | Found an ancient bone altar of Kikubaaqudgha.
    48 | D:4      | Found a shimmering altar of Xom.
   214 | D:3      | Reached skill level 4 in Polearms
   214 | D:3      | Reached XP level 2. HP: 24/24 MP: 2/2
   645 | D:1      | Reached skill level 5 in Polearms
   645 | D:1      | Reached XP level 3. HP: 29/29 MP: 3/3
   788 | D:1      | Found a faded altar of an unknown god.
  1816 | D:2      | Reached skill level 6 in Polearms
  1994 | D:2      | Reached XP level 4. HP: 35/35 MP: 4/4
  2274 | D:2      | Reached skill level 7 in Polearms
  2564 | D:3      | Found Erhuaps's Antique Weapon Shop.
  2569 | D:3      | Reached XP level 5. HP: 41/41 MP: 5/5
  2775 | D:3      | Noticed Sigmund
  2795 | D:3      | Killed Sigmund
  2796 | D:3      | Reached skill level 9 in Polearms
  2796 | D:3      | Reached XP level 6. HP: 23/47 MP: 6/6
  3013 | D:3      | Found an iron altar of Okawaru.
  3020 | D:3      | Became a worshipper of Warmaster Okawaru
  3262 | D:4      | Noticed Edmund
  3279 | D:4      | Reached skill level 10 in Polearms
  3423 | D:4      | Found a staircase to the Ecumenical Temple.
  3694 | D:4      | Reached XP level 7. HP: 52/52 MP: 7/7
  3940 | D:4      | Reached * piety under Okawaru
  3941 | D:4      | Reached skill level 11 in Polearms
  4023 | D:4      | Killed Edmund
  4238 | D:4      | Reached skill level 12 in Polearms
  4650 | D:5      | Reached XP level 8. HP: 60/60 MP: 8/8
  4711 | D:5      | Identified the +1 chain mail of the Orcish Mines {MP+9
                  | Str+4}
  4963 | D:5      | Noticed Duvessa
  4963 | D:5      | Noticed Dowan
  4970 | D:5      | Killed Duvessa
  4975 | D:5      | Killed Dowan
  5034 | D:5      | Reached ** piety under Okawaru
  5212 | D:5      | Reached skill level 5 in Fighting
  5212 | D:5      | Reached skill level 5 in Dodging
  5240 | D:5      | Reached skill level 13 in Polearms
  5834 | D:6      | Reached skill level 14 in Polearms
  5834 | D:6      | Reached XP level 9. HP: 68/68 MP: 9/9
  5892 | D:6      | Found Erghof's Lightly-Used Armoury.
  6021 | D:6      | Reached *** piety under Okawaru
  6088 | D:6      | Reached skill level 15 in Polearms
  6356 | D:7      | Found Tacs's Distillery.
  6410 | D:7      | Noticed a manticore
  6432 | D:7      | Noticed a two-headed ogre
  6453 | D:7      | Demolished by a two-headed ogre

Illustrated notes

Levels and vault maps discovered:
D:1:      wander_arrival_desolate, layout_loops_ring, basic_ecumenical_altar,
          chequers_big_river
D:2:      layout_loops_cross, chequers_serial_rivers_micro_e, hex_large,
          minmay_tromino_i4
D:3:      layout_loops_ring, lemuel_round_altar, serial_shops, shop,
          uniq_sigmund
D:4:      minmay_goblin_kobold_castle, layout_basic,
          mainiacjoe_overflow_small_starburst, amcnicky_altar_gilded,
          minmay_temple_entry_slanted, dk_noncrumbling_3, uniq_edmund
D:5:      layout_basic, serial_shops, nicolae_shop_statue_plus, uniq_duvessa
D:6:      layout_loops_ring, minmay_statues_item, minmay_shop_damaged
D:7:      layout_rooms, grunt_temple_overflow_open, serial_shops,
          nicolae_take_the_stairs, gammafunk_ghost_arena,
          hangedman_abyss_or_decor_stagger, minmay_holes

Skill      XL: |  1  2  3  4  5  6  7  8  9 |
---------------+----------------------------+-----
Polearms       | 4 5 6 7 9 10 12 14 15 | 15.8
Dodging        | 3 5 |  5.0
Fighting       | 5 |  5.0
Stealth        | |  5.4

Action                   |  1- 3 |  4- 6 |  7- 9 || total
-------------------------+-------+-------+-------++-------
Melee: Glaive            |    93 |   102 |   263 ||   458
       Spear             |     3 |       |       ||     3
       Tailslap          |       |       |     1 ||     1
Throw: Dart              |       |       |     5 ||     5
Invok: Heroism           |       |       |     1 ||     1
  Use: Scroll            |       |       |     2 ||     2
 Stab: Sleeping          |    13 |    11 |     1 ||    25
       Distracted        |       |     1 |     1 ||     2
Armor: Leather armour    |    27 |    34 |    43 ||   104
       Chain mail        |       |       |    40 ||    40
Dodge: Dodged            |    43 |    45 |   126 ||   214

Table legend: (Time is in decaauts)
 A = Elapsed time spent in this place.
 B = Non-inter-level travel time spent in this place.
 C = Inter-level travel time spent in this place.
 D = Time resting spent in this place.
 E = Time spent auto-exploring this place.
 F = Levels seen in this place.
 G = Mean time per level.
                   A        B        C        D        E       F      G
               +--------+--------+--------+--------+--------+-----+--------+
         Total |   6447 |   6143 |    304 |    670 |   4032 |   7 |  921.0 |
       Dungeon |   6447 |   6143 |    304 |    670 |   4032 |   7 |  921.0 |
               +--------+--------+--------+--------+--------+-----+--------+

Top non-repeatable levels by time:
     D:4: 1588 daAuts
     D:2: 1222 daAuts
     D:1: 1009 daAuts
     D:5: 1000 daAuts
     D:6: 746 daAuts
     D:3: 743 daAuts
     D:7: 136 daAuts
